 Dungeon Crawl Stone Soup version 0.20.1-1-g8b1a95d (webtiles) character file.

437 Linguinho the Magician (level 6, -4/32 HPs)
             Began as a Deep Elf Earth Elementalist on Oct 28, 2017.
             Was a Follower of Qazlal.
             Killed from afar by an orc wizard (15 damage)
             ... with a puff of flame
             ... on level 4 of the Dungeon.
             The game lasted 00:13:58 (3642 turns).

Linguinho the Magician (DEEE)                       Turns: 3642, Time: 00:13:59

Health: -4/32      AC:  2    Str:  5    XL:     6   Next: 69%
Magic:  16/16      EV: 14    Int: 22    God:    Qazlal [*.....]
Gold:   134        SH:  2    Dex: 15    Spells: 6/16 levels left

rFire    . . .     SeeInvis .   f - +0 dagger
rCold    . . .     Gourm    .   (no shield)
rNeg     . . .     Faith    .   c - +0 robe
rPois    .         Spirit   .   (no helmet)
rElec    .         Reflect  .   (no cloak)
rCorr    .         Harm     +   (no gloves)
MR       .....                  (no boots)
Stlth    +++.......             l - amulet of harm
Regen    0.1/turn               (no ring)
MPRegen  0.2/turn               (no ring)

@: no status effects
A: no striking features
a: Renounce Religion


You were on level 4 of the Dungeon.
You worshipped Qazlal.
Qazlal was aware of your devotion.
You were not hungry.

You visited 1 branch of the dungeon, and saw 4 of its levels.

You collected 134 gold pieces.

Inventory:

Hand Weapons
 f - a +0 dagger (weapon)
Missiles
 b - 129 stones (quivered)
Armour
 c - a +0 robe (worn)
 t - a cursed +0 buckler
Jewellery
 l - an amulet of harm (around neck)
 v - an uncursed ring of resist corrosion {unknown}
Wands
 j - a wand of lightning (6/15)
 r - a wand of flame (23/48)
Scrolls
 a - a scroll of random uselessness
 i - 3 scrolls of amnesia
 m - 2 scrolls of identify
 s - a scroll of enchant weapon {unknown}
 w - a scroll of remove curse
Potions
 g - a potion of resistance {unknown}
 k - 2 potions of lignification {unknown}
 o - a potion of ambrosia {unknown}
 p - a potion of magic {unknown}
 u - 2 potions of curing {unknown}
Books
 e - a book of Geomancy

   Spells                             Type                      Level
   a - Sandblast                      Earth                        1
   b - Passwall                       Transmutation/Earth          2
   c - Stone Arrow                    Conjuration/Earth            3
   d - Petrify                        Transmutation/Earth          4
   e - Lee's Rapid Deconstruction     Earth                        5
Comestibles
 d - 5 bread rations
 h - a meat ration
 n - 2 royal jellies
 q - 3 fruits


   Skills:
 + Level 0.2 Short Blades
 * Level 3.8 Dodging
 * Level 4.4 Stealth
 * Level 5.7 Spellcasting
 + Level 1.3 Conjurations
 + Level 1.1 Transmutations
 * Level 5.5 Earth Magic


You had 6 spell levels left.
You knew the following spells:

 Your Spells              Type           Power        Failure   Level  Hunger
a - Sandblast             Erth           ####..       1%          1    None
b - Passwall              Tmut/Erth      ###.......   3%          2    None
c - Stone Arrow           Conj/Erth      ###...       7%          3    ##.....
d - Petrify               Tmut/Erth      ###.....     24%         4    ####...


Dungeon Overview and Level Annotations

Branches:
Dungeon (4/15)             Temple (0/1) D:4

Altars:
Cheibriados
Elyvilon
Fedhas
Gozag
Qazlal
Vehumet
Zin


Message History

w - a scroll of remove curse The orc wizard gestures at you while chanting.
The puff of flame hits you!
* * * LOW HITPOINT WARNING * * *
Casting: Sandblast
Confirm with . or Enter, or press ? or * to list all spells.
Which direction?
You begin to meditate on the wall.
You continue meditating on the rock. x2
You finish merging with the rock.
A worm comes into view.
You open the door.
The orc wizard gestures wildly while chanting.
The orc wizard seems to speed up.
The worm closely misses you.
There is an open door here.
There is an open door here.
You close the door.
An orc wizard opens the door.
The orc wizard points at you and mumbles some strange words.
The puff of flame hits you!
You die...

######'######### #..
#..............# #..
#..............########..
#............o....o..##†.
#....#######'#######.##..
#....# #.# #.##.. ####.#
#####o##### #..... ##.#
#...'w'...# #..... #..#
#@###.###.# #..... #..#
#.# #.# #.# #.....
#..###'###.###'###.###.
#..'.............+.# #.
#..###+###.###'###.# #.
#.(# #.# #.# #.# #.# #.
#..# #.###.###.# #.###.
#..# #...'.'...# #.##(.
#..# #####.##### #..#..


You could see a worm and an orc wizard.

Vanquished Creatures
  An ogre (D:4)
  A water moccasin skeleton (D:4)
  The ghost of Linguinho the Digger, a weakling DEEE (D:3)
  An orc priest (D:3)
  Ijyb (D:4)
  Robin (D:3)
  3 gnolls (D:3)
  5 adders
  An ooze (D:2)
  An adder skeleton (D:4)
  6 worms (D:2)
  3 dart slugs
  4 leopard geckos
  6 orcs
  9 bats
  2 giant cockroaches
  14 goblins
  14 hobgoblins
  2 jackals (D:2)
  9 kobolds
  3 quokkas (D:4)
  5 frilled lizards
  6 rats
99 creatures vanquished.

Notes
Turn   | Place    | Note
-------+----------+-------------------------------------------
     0 | D:1      | Linguinho the Deep Elf Earth Elementalist began the quest for the Orb.
     0 | D:1      | Reached XP level 1. HP: 10/10 MP: 6/6
   169 | D:1      | Reached XP level 2. HP: 4/15 MP: 4/8
   173 | D:1      | Learned a level 2 spell: Passwall
   831 | D:2      | Reached XP level 3. HP: 17/19 MP: 10/10
  1097 | D:2      | Reached XP level 4. HP: 17/24 MP: 7/11
  1373 | D:2      | Found a glowing silver altar of Zin.
  1377 | D:2      | Found a radiant altar of Vehumet.
  1379 | D:2      | Found an opulent altar of Gozag.
  1379 | D:2      | Found a stormy altar of Qazlal.
  1394 | D:2      | Found a snail-covered altar of Cheibriados.
  1441 | D:2      | Became a worshipper of Qazlal Stormbringer
  1551 | D:2      | Found a blossoming altar of Fedhas.
  1795 | D:2      | Learned a level 3 spell: Stone Arrow
  1800 | D:2      | Learned a level 4 spell: Petrify
  2003 | D:3      | Noticed Robin
  2128 | D:3      | Killed Robin
  2128 | D:3      | Reached XP level 5. HP: 15/28 MP: 9/13
  2484 | D:3      | Reached * piety under Qazlal
  2484 | D:3      | Reached skill level 5 in Earth Magic
  2573 | D:3      | Noticed Linguinho's ghost (weakling DEEE)
  2767 | D:3      | Found a white marble altar of Elyvilon.
  2945 | D:3      | Killed Linguinho's ghost
  2945 | D:3      | Reached XP level 6. HP: 32/32 MP: 13/15
  3217 | D:4      | Reached skill level 5 in Spellcasting
  3221 | D:4      | Found a staircase to the Ecumenical Temple.
  3230 | D:4      | Reached skill level 1 in Conjurations
  3268 | D:4      | Noticed Ijyb
  3299 | D:4      | Killed Ijyb
  3642 | D:4      | Killed from afar by an orc wizard

Skill      XL: |  1  2  3  4  5  6 |
---------------+-------------------+-----
Earth Magic    | 4 5 |  5.5
Stealth        | 3 4 |  4.4
Dodging        | 3 |  3.8
Spellcasting   | 4 5 |  5.7
Conjurations   | 1 |  1.3
Short Blades   | |  0.2
Transmutations | |  1.1

Action                   |  1- 3 |  4- 6 || total
-------------------------+-------+-------++-------
Melee: Club              |    13 |       ||    13
       Dagger            |    30 |    26 ||    56
 Cast: Sandblast         |    34 |    73 ||   107
       Stone Arrow       |       |    22 ||    22
       Passwall          |       |     1 ||     1
  Use: Scroll            |       |     5 ||     5
 Stab: Sleeping          |     6 |     5 ||    11
  Eat: Chunk             |       |     5 ||     5
       Bread ration      |       |     1 ||     1
Armor: Robe              |     9 |     4 ||    13
Dodge: Dodged            |    45 |    37 ||    82
Block: Other             |       |     4 ||     4
